 Dungeon Crawl Stone Soup version 0.22.1-2-g9c5b331 (webtiles) character file.

436 dvd the Magician (level 6, -3/44 HPs)
             Began as a Demonspawn Wizard on Dec 12, 2018.
             Was an Initiate of Qazlal.
             Slain by an ogre
             ... wielding a +0 giant club
              (26 damage)
             ... on level 5 of the Dungeon.
             The game lasted 00:09:35 (3941 turns).

dvd the Magician (Demonspawn Wizard)                Turns: 3941, Time: 00:09:36

Health: -3/44      AC: 11    Str:  9    XL:     6   Next: 68%
Magic:  3/13       EV: 13    Int: 20    God:    Qazlal [......]
Gold:   170        SH:  0    Dex: 11    Spells: 10/14 levels left

rFire    . . .     SeeInvis .   r - +1 trident (protect)
rCold    . . .     Gourm    .   (no shield)
rNeg     . . .     Faith    .   a - +0 robe
rPois    .         Spirit   .   b - +0 hat
rElec    .         Reflect  .   (no cloak)
rCorr    .         Harm     .   (no gloves)
MR       .....                  f - +0 pair of boots
Stlth    ++........             (no amulet)
HPRegen  0.14/turn              (no ring)
MPRegen  0.13/turn              (no ring)

@: protection aura, very slightly contaminated
A: antennae 1, rugged brown scales 1, powered by death 2
a: Renounce Religion


You were on level 5 of the Dungeon.
You worshipped Qazlal.
Qazlal was noncommittal.
You were not hungry.

You visited 2 branches of the dungeon, and saw 6 of its levels.

You collected 170 gold pieces.

Inventory:

Hand Weapons
 e - a +3 dagger
 l - a +0 rapier
 r - a +1 trident of protection (weapon)
Armour
 a - a +0 robe (worn)
 b - a +0 hat (worn)
 f - a +0 pair of boots (worn)
Wands
 s - a wand of iceblast (19)
 u - a wand of polymorph (13)
Scrolls
 c - 3 scrolls of remove curse
 h - a scroll of amnesia {unknown}
 k - a scroll of enchant weapon {unknown}
 m - a scroll of fog {unknown}
 o - 5 scrolls of identify {unknown}
 p - a scroll of blinking {unknown}
 t - 3 scrolls of random uselessness {unknown}
 x - a scroll of teleportation {unknown}
Potions
 g - a potion of mutation {unknown}
 i - 2 potions of heal wounds {unknown}
 j - a potion of lignification {unknown}
 n - a potion of degeneration {unknown}
 q - 2 potions of might {unknown}
 v - a potion of brilliance {unknown}
Comestibles
 d - 5 rations
 w - 5 chunks of flesh


   Skills:
 + Level 1.3 Fighting
 + Level 1.8 Short Blades
 + Level 1.1 Polearms
 + Level 3.3 Dodging
 + Level 2.4 Stealth
 + Level 4.7 Spellcasting
 + Level 2.6 Conjurations
   Level 1.0 Summonings
   Level 0.8 Translocations
 + Level 0.1 Poison Magic


You had 10 spell levels left.
You knew the following spells:

 Your Spells              Type           Power        Failure   Level  Hunger
a - Magic Dart            Conj           ###.         4%          1    None
b - Mephitic Cloud        Conj/Pois/Air  #.......     24%         3    ##.....

Your spell library contained the following spells:

 Spells                   Type           Power        Failure   Level  Hunger
 Call Imp                 Summ           #.......     12%         2    #......
 Blink                    Tloc           N/A          13%         2    #......
 Slow                     Hex            #.......     19%         2    #......
 Conjure Flame            Conj/Fire      ##......     21%         3    ##.....


Dungeon Overview and Level Annotations

Branches:
Dungeon (5/15)             Temple (1/1) D:4

Altars:
Ashenzari
Cheibriados
Dithmenos
Fedhas
Gozag
Hepliaklqana
Kikubaaqudgha
Makhleb
Nemelex Xobeh
Okawaru
Qazlal
Ru
Sif Muna
Trog
Uskayaw
Vehumet
Wu Jian
Xom
Yredelemnul
Zin
The Shining One

Annotations:
D:3 3 runed doors, Lauz's ghost, amateur MiGl; RoboWizard's ghost, amateur MiMo; colophon's ghost, novice KoEn; dscm's ghost, weakling DsGl


Innate Abilities, Weirdness & Mutations

You have a pair of small antennae on your head.
You are partially covered in rugged brown scales. (AC +1, +3% HP)
You regenerate health from kills.


Message History

You hit the worker ant but do no damage.
The water moccasin zombie bites you but does no damage. x2
You strike the helpless ogre from behind!
You hit the ogre.
The ogre is heavily wounded.
The water moccasin zombie barely misses you.
The orc hits you but does no damage.
You hit the water moccasin zombie.
The water moccasin zombie is lightly damaged.
The water moccasin zombie bites you! The orc hits you but does no damage.
The water moccasin zombie misses you.
You hit the ogre but do no damage.
The ogre is heavily wounded.
The ogre barely misses the orc.
The orc barely misses you.
The water moccasin zombie barely misses you.
You barely miss the ogre.
The ogre is heavily wounded.
The ogre hits you with a giant club!!
Ouch! That really hurt!
You die...

.# ... # ...#####.
........( ........#
........### .
#....O..## .#
#...o@...## ###..#
.......#Z#..##....#
......##)##†...#
..#.#........†.######
. # ####.####........
#..# #.##....# #.##
#.# ##.. .. #)# ...
#<#


You could see an ogre (confused), an orc and a water moccasin zombie.

Vanquished Creatures
  2 phantoms (D:4)
  2 howler monkeys
  An orc priest (D:5)
  A hound skeleton (D:4)
  9 adders
  2 oozes (D:3)
  2 worms
  2 leopard geckos
  3 orcs
  3 ball pythons
  5 bats
  4 giant cockroaches
  6 goblins
  2 hobgoblins
  7 jackals
  2 quokkas
  A ball python skeleton (D:4)
  2 frilled lizards (D:2)
  A rat (D:3)
57 creatures vanquished.

Vanquished Creatures (others)
  2 withered plants (D:3)
2 creatures vanquished.

Grand Total: 59 creatures vanquished

Notes
Turn   | Place    | Note
-------+----------+-------------------------------------------
     0 | D:1      | dvd the Demonspawn Wizard began the quest for the Orb.
     0 | D:1      | Reached XP level 1. HP: 13/13 MP: 4/4
     2 | D:1      | Noticed a ghoul
     4 | D:1      | Noticed a demonspawn
     6 | D:1      | Noticed a merfolk
     6 | D:1      | Noticed a vine stalker
     8 | D:1      | Noticed a naga
     8 | D:1      | Noticed a troll
    10 | D:1      | Noticed a draconian
    10 | D:1      | Noticed a formicid
    12 | D:1      | Noticed a vampire
    12 | D:1      | Noticed a spriggan
    14 | D:1      | Noticed a felid
    14 | D:1      | Noticed a tengu
    18 | D:1      | Noticed an octopode
    18 | D:1      | Noticed an elf
    20 | D:1      | Noticed a demigod
    20 | D:1      | Noticed an ogre
    22 | D:1      | Noticed a minotaur
    22 | D:1      | Noticed a halfling
    24 | D:1      | Noticed a centaur
    24 | D:1      | Noticed a gargoyle
    26 | D:1      | Noticed a human
    26 | D:1      | Noticed a dwarf
   823 | D:2      | Gained mutation: You have a pair of small antennae on your
                  | head. [demonic ancestry]
   823 | D:2      | Reached XP level 2. HP: 17/19 MP: 3/6
   976 | D:2      | Gained mutation: You regenerate a little health from kills.
                  | [demonic ancestry]
   976 | D:2      | Reached XP level 3. HP: 15/24 MP: 1/8
  1283 | D:2      | Reached skill level 4 in Spellcasting
  1341 | D:2      | Reached XP level 4. HP: 25/30 MP: 5/10
  1388 | D:2      | Learned a level 3 spell: Mephitic Cloud
  1751 | D:3      | Reached skill level 1 in Short Blades
  2039 | D:3      | Gained mutation: You regenerate health from kills. [demonic
                  | ancestry]
  2039 | D:3      | Reached XP level 5. HP: 29/36 MP: 3/11
  2260 | D:3      | Found a runed gate.
  2264 | D:3      | Found a runed gate.
  2265 | D:3      | Found a runed gate.
  2266 | D:3      | Noticed dscm's ghost (weakling DsGl)
  2266 | D:3      | Noticed RoboWizard's ghost (amateur MiMo)
  2266 | D:3      | Noticed Lauz's ghost (amateur MiGl)
  2271 | D:3      | Noticed colophon's ghost (novice KoEn)
  2963 | D:4      | Noticed a phantom
  3001 | D:4      | Killed a phantom
  3001 | D:4      | Reached skill level 1 in Fighting
  3001 | D:4      | Gained mutation: You are partially covered in rugged brown
                  | scales. (AC +1, +3% HP) [demonic ancestry]
  3001 | D:4      | Reached XP level 6. HP: 14/44 MP: 0/12
  3043 | D:4      | Found a staircase to the Ecumenical Temple.
  3075 | Temple   | Entered the Ecumenical Temple
  3177 | Temple   | Became a worshipper of Qazlal Stormbringer
  3645 | D:5      | Entered Level 5 of the Dungeon
  3689 | D:4      | Reached skill level 1 in Polearms
  3941 | D:5      | Slain by an ogre

Skill      XL: |  1  2  3  4  5  6 |
---------------+-------------------+-----
Dodging        | 2 3 |  3.3
Spellcasting   | 4 |  4.7
Short Blades   | 1 |  1.8
Stealth        | 2 |  2.4
Fighting       | 1 |  1.3
Conjurations   | 2 |  2.6
Polearms       | 1 |  1.1
Summonings     | |  1.0
Translocations | |  0.8
Poison Magic   | |  0.1

Action                   |  1- 3 |  4- 6 || total
-------------------------+-------+-------++-------
Melee: Dagger            |    48 |    70 ||   118
       Trident           |       |    78 ||    78
 Cast: Magic Dart        |    47 |    75 ||   122
       Mephitic Cloud    |       |     6 ||     6
  Use: Scroll            |       |     1 ||     1
 Stab: Sleeping          |       |     3 ||     3
       Confused          |       |     1 ||     1
  Eat: Chunk             |     1 |     6 ||     7
       Ration            |       |     1 ||     1
Armor: Robe              |    17 |    39 ||    56
Dodge: Dodged            |    39 |   113 ||   152
